 Dungeon Crawl Stone Soup version 0.22-a0-612-gd2f0174 (webtiles) character file.

58711 Amnesiac the Destroyer (level 14, 0/103 HPs)
             Began as a Mummy Wizard on July 12, 2018.
             Was a High Priest of Sif Muna.
             Slain by a demonic crawler (9 damage)
             ... summoned by a deep elf mage
             ... on level 1 of the Elven Halls.
             The game lasted 00:44:07 (22956 turns).

Amnesiac the Destroyer (Mummy Wizard)              Turns: 22956, Time: 00:44:07

Health: 0/103      AC: 10    Str: 14    XL:     14   Next: 50%
Magic:  23/32      EV: 16    Int: 26    God:    Sif Muna [*****.]
Gold:   1540       SH:  0    Dex: 14    Spells: 20/42 levels left

rFire    x x x     SeeInvis .   D - +8 rapier of Satyriasis {drain, *Contam Str+4 Int+4}
rCold    + + +     Gourm    .   (no shield)
rNeg     + + +     Faith    .   z - +2 robe {Archmagi}
rPois    ∞         Spirit   .   I - +2 hat
rElec    .         Reflect  .   f - +0 cloak
rCorr    .         Harm     +   H - +2 pair of gloves {Dex+3}
MR       +....                  (no boots)
Stlth    +.........             b - amulet of harm
HPRegen  0.27/turn              o - ring of ice
MPRegen  0.23/turn              t - ring of ice

@: confused, very slightly contaminated, divine energy
A: no food or potions, fire vulnerability, cold resistance 1, negative energy
resistance 3, torment resistance, unbreathing, in touch with death 1
a: Stop Divine Energy, Channel Magic, Forget Spell, Renounce Religion


You were on level 1 of the Elven Halls.
You worshipped Sif Muna.
Sif Muna was extremely pleased with you.
You were not hungry.

You visited 4 branches of the dungeon, and saw 19 of its levels.
You also visited: Sewer.

You collected 1818 gold pieces.
You spent 278 gold pieces at shops.

Inventory:

Hand Weapons
 D - the +8 rapier of Satyriasis (weapon) {drain, *Contam Str+4 Int+4}
   (You found it on level 9 of the Dungeon)

   A truly terrible weapon, it drains the life of those it strikes.
   It affects your strength (+4).
   It affects your intelligence (+4).
   It causes magical contamination when unequipped.
Armour
 f - a +0 cloak (worn)
 w - a +2 shield
 z - a +2 robe of the Archmagi (worn)
 H - a +2 pair of gloves of dexterity (worn)
 I - a +2 hat (worn)
Magical Staves
 c - an uncursed staff of wizardry
Jewellery
 b - an amulet of harm (around neck)
 e - an uncursed ring of fire
 g - an uncursed amulet of guardian spirit
 i - an uncursed ring of wizardry
 o - a ring of ice (left hand)
 t - a ring of ice (right hand)
 A - an uncursed ring of resist corrosion
Wands
 j - a wand of random effects (27)
 s - a wand of acid (21)
 u - a wand of paralysis (18)
 x - a wand of digging (42)
 B - a wand of flame (46)
Scrolls
 a - 2 scrolls of silence {!r}
 d - 3 scrolls of identify {!r}
 h - a scroll of noise {!r}
 k - a scroll of enchant armour {!r}
 l - 4 scrolls of enchant weapon {!r}
 m - a scroll of fog {!r, unknown}
 n - 3 scrolls of amnesia {!r}
 p - 13 scrolls of remove curse {!r}
 q - a scroll of vulnerability {!r}
 r - 2 scrolls of fear {!r}
 y - 3 scrolls of magic mapping {!r}
 C - a scroll of holy word {!r, unknown}
 E - 4 scrolls of teleportation {!r}
 F - a scroll of torment {!r}


   Skills:
 - Level 7.0 Fighting
 - Level 7.0 Dodging
 - Level 1.5 Stealth
 + Level 3.0 Shields
 + Level 14.6 Spellcasting
 * Level 14.6 Conjurations
 - Level 0.7 Summonings
 - Level 0.7 Translocations
 - Level 8.0 Invocations


You had 20 spell levels left.
You knew the following spells:

 Your Spells              Type           Power        Failure   Level  Hunger
a - Throw Icicle          Conj/Ice       ########     1%          4    N/A
b - Call Imp              Summ           ####....     3%          2    N/A
c - Ozocubu's Armour      Chrm/Ice       ######..     9%          3    N/A
e - Mephitic Cloud        Conj/Pois/Air  ######..     1%          3    N/A
s - Conjure Flame         Conj/Fire      ######..     1%          3    N/A
v - Blink                 Tloc           N/A          3%          2    N/A
w - Irradiate             Conj/Tmut      ######....   4%          5    N/A

Your spell library contained the following spells:

 Spells                   Type           Power        Failure   Level  Hunger
 Cause Fear               Hex            ####......   28%         4    N/A
 Magic Dart               Conj           ####         0%          1    N/A
 Apportation              Tloc           ####..       2%          1    N/A
 Bolt of Cold             Conj/Ice       ########..   22%         6    N/A
 Slow                     Hex            ####....     4%          2    N/A
 Throw Frost              Conj/Ice       ######       1%          2    N/A
 Freezing Cloud           Conj/Ice/Air   #######...   52%         6    N/A
 Summon Small Mammal      Summ           ####         2%          1    N/A
 Freeze                   Ice            ####         3%          1    N/A
 Summon Ice Beast         Ice/Summ       ######..     24%         4    N/A
 Summon Greater Demon     Summ           ####......   100%        7    N/A
 Spider Form              Tmut/Pois      ####......   9%          3    N/A
 Blade Hands              Tmut           ####......   63%         5    N/A
 Ice Form                 Ice/Tmut       ######..     28%         4    N/A
 Sticks to Snakes         Tmut           ####....     4%          2    N/A
 Corona                   Hex            ####...      3%          1    N/A
 Portal Projectile        Hex/Tloc       ####..       8%          3    N/A
 Leda's Liquefaction      Hex/Erth       ####......   28%         4    N/A
 Summon Hydra             Summ           ####......   100%        7    N/A
 Inner Flame              Hex/Fire       ####....     9%          3    N/A
 Beastly Appendage        Tmut           ####..       3%          1    N/A
 Dazzling Spray           Conj/Hex       ######       1%          3    N/A
 Force Lance              Conj/Tloc      ######..     1%          4    N/A
 Spectral Weapon          Hex/Chrm       ####....     9%          3    N/A
 Discord                  Hex            ####......   100%        8    N/A
 Summon Lightning Spire   Summ/Air       ####....     24%         4    N/A
 Summon Guardian Golem    Hex/Summ       ####....     8%          3    N/A
 Dragon's Call            Summ           ####......   100%        9    N/A
 Spellforged Servitor     Conj/Summ      ######....   71%         7    N/A
 Gell's Gravitas          Tloc           ####......   6%          3    N/A
 Yara's Violent Unravell  Hex/Tmut       ####......   63%         5    N/A

Dungeon Overview and Level Annotations

Branches:
Dungeon (15/15)            Temple (1/1) D:7            Lair (0/6) D:8
    Orc (2/2) D:12            Elf (1/3) Orc:2        Vaults (0/5) D:13
 Depths (0/5) D:15

Altars:
Cheibriados
Dithmenos
Nemelex Xobeh
Okawaru
Qazlal
Ru
Sif Muna
Uskayaw
Vehumet
Wu Jian
Xom
Yredelemnul
Beogh

Shops:
D:6 }   D:11 =*[   Orc:2 !:}(

Annotations:
Orc:2 1 runed door, Amnesiac's ghost, journeyman DEWz


Innate Abilities, Weirdness & Mutations

You do not eat or drink.
Your flesh is vulnerable to fire.
You are immune to poison.
Your flesh is cold resistant. (rC+)
You are immune to negative energy. (rN+++)
You are immune to unholy pain and torment.
You can survive without breathing.
You are in touch with the powers of death.


Message History

The deep elf archer wields an uncursed short sword.
The deep elf archer hits you with an uncursed short sword.
You closely miss the deep elf archer.
The deep elf archer is severely wounded.
The demonic crawler barely misses you.
The demonic crawler hits you but does no damage. x2
The deep elf archer blinks!
The tarantella closely misses you.
The demonic crawler hits you but does no damage.
The demonic crawler hits you! The demonic crawler hits you.
The tarantella barely misses you.
The deep elf archer hits you with an uncursed short sword.
The demonic crawler barely misses you. The demonic crawler closely misses you.
The demonic crawler hits you but does no damage.
Casting: Irradiate (safe; 4% risk of failure)
Confirm with . or Enter, or press ? or * to list all spells.
You feel a surge of power!
You miscast Irradiate.
Sif Muna protects you from the effects of your miscast!
The tarantella bites you.
You are confused.
The deep elf archer closely misses you.
The demonic crawler barely misses you. x2
The demonic crawler closely misses you. The tarantella bites you!
* * * LOW HITPOINT WARNING * * *
You are more confused.
You're too confused to cast spells.
Wield which item (- for none, * to show all)? (? for menu, Esc to quit)
Okay, then.
Unknown command.
You're too confused to cast spells.
Wield which item (- for none, * to show all)? (? for menu, Esc to quit)
Okay, then.
You completely miss the deep elf mage. The tarantella bites you!
* * * LOW HITPOINT WARNING * * *
You are more confused.
The demonic crawler closely misses you. The demonic crawler misses you.
The demonic crawler hits you.
* * * LOW HITPOINT WARNING * * *
The deep elf archer hits you but does no damage.
The deep elf mage hits you with a short sword.
* * * LOW HITPOINT WARNING * * *
The tarantella barely misses you. The demonic crawler hits you.
* * * LOW HITPOINT WARNING * * *
The demonic crawler hits you but does no damage.
The demonic crawler hits you.
* * * LOW HITPOINT WARNING * * *
You can't drink.
You're too confused!
You miss the deep elf mage.
The deep elf archer completely misses you.
The tarantella bites you.
* * * LOW HITPOINT WARNING * * *
The deep elf mage mumbles some strange words.
The demonic crawler misses you. The demonic crawler barely misses you.
The demonic crawler misses you.
The deep elf knight casts a spell.
The deep elf knight seems to speed up.
The deep elf archer misses you.
The deep elf mage hits you but does no damage.
The tarantella bites you!
* * * LOW HITPOINT WARNING * * *
You are more confused.
You puncture the deep elf archer! You drain the deep elf archer!
You kill the deep elf archer!
Sif Muna accepts your kill. The demonic crawler hits you!
You die...

...###+###..)).###.).##
... #...<.#.....# ..
#...(.#.....#
#######.....#
+...........#
#...........#
#...........#
#....e).....#
##...s@4...##
##(.s....## #'#####e#
#.# #.# ##.#####.#
###........#
+..........####..
+...#####e........ #.##
#..#.#...#


You could see a demonic crawler, a deep elf knight, an ice devil, a deep elf
mage and a tarantella.

Vanquished Creatures
  Kirke (D:15)
  A deep elf annihilator (Elf:1)
  A dire elephant (D:15)
  A fire dragon (D:15)
  A great orb of eyes (D:15)
  3 hydras (D:15)
  3 vault guards (D:13)
  2 centaur warriors
  7 two-headed ogres
  A tengu warrior (D:14)
  5 orc high priests
  A wizard (D:13)
  2 deep elf archers
  5 necromancers (D:13)
  12 deep elf magi
  6 orc sorcerers
  6 orc knights
  A wolf spider (D:15)
  2 cyclopes
  15 ugly things
  A guardian serpent (D:14)
  Joseph (D:8)
  A gargoyle (D:15)
  A freezing wraith (D:14)
  2 komodo dragons
  An efreet (D:15)
  A tengu conjurer (D:14)
  8 trolls
  6 slime creatures (D:12)
  A shadow (D:15)
  A centaur simulacrum (D:14)
  2 vampires
  A wraith (D:15)
  5 yaks
  14 humans (D:13)
  A basilisk (D:13)
  5 hogs (D:15)
  A hungry ghost (D:13)
  A steam dragon (D:12)
  4 vampire mosquitoes (D:13)
  2 insubstantial wisps (D:12)
  2 acid dragons
  A soldier ant (D:15)
  A water moccasin (D:7)
  4 ice beasts
  A phantom (D:5)
  10 sky beasts
  28 orc warriors
  2 black bears
  2 eyes of draining
  5 centaurs
  A necrophage (D:15)
  7 ogres
  A crocodile (D:11)
  3 big kobolds
  5 bullfrogs
  2 scorpions
  4 killer bees (D:10)
  7 crimson imps
  2 centaur zombies
  5 hounds
  4 jellies
  22 orc priests
  23 orc wizards
  4 centaur skeletons
  A bullfrog skeleton (D:12)
  3 iguanas
  3 worker ants
  Terence (D:3)
  A killer bee zombie (D:7)
  2 hound skeletons
  9 adders
  4 shadow imps
  An ooze (D:3)
  4 worms
  5 dart slugs
  4 leopard geckos
  68 orcs
  3 giant cockroaches
  7 goblins
  9 hobgoblins
  7 jackals
  19 kobolds
  5 quokkas
  4 ball pythons
  6 bats
  A frilled lizard (D:1)
  A quokka skeleton (D:4)
  18 rats
468 creatures vanquished.

Vanquished Creatures (collateral kills)
  An ice beast (D:4)
  A phantom (D:4)
  2 adders (D:4)
  A quokka (D:4)
5 creatures vanquished.

Vanquished Creatures (others)
  An orc wizard (D:10)
1 creature vanquished.

Grand Total: 474 creatures vanquished

Notes
Turn   | Place    | Note
-------+----------+-------------------------------------------
     0 | D:1      | Amnesiac the Mummy Wizard began the quest for the Orb.
     0 | D:1      | Reached XP level 1. HP: 13/13 MP: 5/5
    38 | D:1      | Reached skill level 1 in Conjurations
   105 | D:1      | Reached skill level 1 in Fighting
   161 | D:1      | Reached XP level 2. HP: 21/21 MP: 5/7
   173 | D:1      | Learned a level 2 spell: Call Imp
   570 | D:4      | Learned a level 2 spell: Blink
   755 | D:4      | Found a glowing drain.
   767 | Sewer    | Entered a sewer
   780 | Sewer    | Reached XP level 3. HP: 21/27 MP: 5/8
   786 | Sewer    | Learned a level 3 spell: Conjure Flame
   790 | Sewer    | Learned a level 3 spell: Mephitic Cloud
   856 | Sewer    | Noticed a big kobold
   864 | Sewer    | Killed a big kobold
   864 | Sewer    | Reached XP level 4. HP: 35/35 MP: 6/10
   907 | Sewer    | Found a white marble altar of Elyvilon.
  1369 | D:4      | Noticed a phantom
  1462 | D:4      | Killed a phantom
  1462 | D:4      | Reached XP level 5. HP: 27/42 MP: 3/11
  1648 | D:4      | Found a deep blue altar of Sif Muna.
  1719 | D:4      | Became a worshipper of Sif Muna the Loreminder
  2516 | D:2      | Found a stormy altar of Qazlal.
  2559 | D:2      | Noticed a fire elemental
  2567 | D:2      | Noticed a water elemental
  2567 | D:2      | Noticed an air elemental
  2732 | D:2      | Reached XP level 6. HP: 46/48 MP: 10/12
  2736 | D:2      | Reached * piety under Sif Muna
  3141 | D:3      | Noticed Terence
  3149 | D:3      | Killed Terence
  3908 | D:4      | Noticed an ice beast
  3943 | D:4      | Killed an ice beast
  3943 | D:4      | Reached XP level 7. HP: 15/54 MP: 0/14
  4162 | D:5      | Entered Level 5 of the Dungeon
  4184 | D:5      | Reached skill level 5 in Spellcasting
  4184 | D:5      | Reached skill level 5 in Conjurations
  4423 | D:5      | Found a shadowy altar of Dithmenos.
  4423 | D:5      | Found a stormy altar of Qazlal.
  4601 | D:5      | Reached ** piety under Sif Muna
  5128 | D:6      | Reached XP level 8. HP: 55/60 MP: 13/17
  5250 | D:6      | Noticed a two-headed ogre
  5274 | D:6      | Killed a two-headed ogre
  5274 | D:6      | Reached *** piety under Sif Muna
  5411 | D:6      | Reached XP level 9. HP: 62/65 MP: 11/20
  6124 | D:6      | Found Sez Piag's Gadget Shoppe.
  6636 | D:7      | Found an iron altar of Okawaru.
  6828 | D:7      | Reached **** piety under Sif Muna
  7001 | D:7      | Found a staircase to the Ecumenical Temple.
  7216 | Temple   | Entered the Ecumenical Temple
  7363 | D:8      | Found a staircase to the Lair.
  7418 | D:8      | Found a snail-covered altar of Cheibriados.
  8160 | D:8      | Noticed Joseph
  8174 | D:8      | Killed Joseph
  8210 | D:8      | Found a sparkling altar of Nemelex Xobeh.
  8780 | D:9      | Got a transparent rapier
  8781 | D:9      | Identified the +8 rapier of Satyriasis {drain, *Contam Str+4 Int+4} (You found it on level 9 of the Dungeon)
  8844 | D:9      | Noticed a two-headed ogre
  8855 | D:9      | Killed a two-headed ogre
  8855 | D:9      | Reached skill level 10 in Spellcasting
  8855 | D:9      | Reached skill level 10 in Conjurations
  8855 | D:9      | Reached XP level 10. HP: 71/71 MP: 17/24
  8896 | D:9      | Found a snail-covered altar of Cheibriados.
  9194 | D:10     | Entered Level 10 of the Dungeon
  9211 | D:10     | Noticed a two-headed ogre
  9230 | D:10     | Killed a two-headed ogre
  9230 | D:10     | Reached ***** piety under Sif Muna
  9230 | D:10     | Received a gift from Sif Muna
  9238 | D:10     | Learned a level 4 spell: Throw Icicle
  9354 | D:9      | Reached skill level 1 in Invocations
  9458 | D:9      | Learned a level 3 spell: Ozocubu's Armour
 10675 | D:11     | Found Wikh's Jewellery Boutique.
 10677 | D:11     | Noticed a two-headed ogre
 10682 | D:11     | Noticed a cyan ugly thing
 10683 | D:11     | Killed a two-headed ogre
 10683 | D:11     | Reached skill level 5 in Dodging
 10808 | D:11     | Noticed a purple ugly thing
 10821 | D:11     | Killed a purple ugly thing
 10821 | D:11     | Reached XP level 11. HP: 66/77 MP: 7/25
 11055 | D:11     | Noticed a brown ugly thing
 11066 | D:11     | Killed a brown ugly thing
 11072 | D:11     | Killed a cyan ugly thing
 11081 | D:11     | Found Worez's Assorted Antiques.
 11261 | D:11     | Got a smoking ring mail
 11272 | D:11     | Found a sacrificial altar of Ru.
 11321 | D:11     | Found Nipsueka's Antique Armour Shoppe.
 11326 | D:11     | Bought a runed robe for 118 gold pieces
 11346 | D:11     | Identified the +3 ring mail of Tenacity {Slay+2} (You found it on level 11 of the Dungeon)
 11629 | D:12     | Noticed a deep elf mage
 11632 | D:12     | Killed a deep elf mage
 11865 | D:12     | Found a staircase to the Orcish Mines.
 13332 | D:13     | Reached skill level 5 in Fighting
 13511 | D:13     | Identified the Almanac of Inquiry
 13597 | D:13     | Identified Sif Muna's Almanac of Enchanting Creation (Sif Muna gifted it to you on level 13 of the Dungeon)
 13597 | D:13     | Received a gift from Sif Muna
 13619 | D:13     | Noticed a necromancer
 13747 | D:13     | Noticed a vault guard
 13752 | D:13     | Noticed a necromancer
 13766 | D:13     | Killed a vault guard
 13766 | D:13     | Reached XP level 12. HP: 33/86 MP: 0/27
 14039 | D:13     | Noticed a vault guard
 14041 | D:13     | Killed a vault guard
 14041 | D:13     | Reached skill level 5 in Invocations
 14312 | D:13     | Noticed a vault guard
 14378 | D:13     | Killed a vault guard
 14489 | D:13     | Found an ancient bone altar of Kikubaaqudgha.
 14491 | D:13     | Found a stormy altar of Qazlal.
 14491 | D:13     | Found a shimmering altar of Xom.
 14493 | D:13     | Found a snail-covered altar of Cheibriados.
 14493 | D:13     | Found a hide-covered altar of Uskayaw.
 14493 | D:13     | Found a shimmering altar of Xom.
 14764 | D:13     | Found a gate to the Vaults.
 15024 | D:11     | Bought a runed leather armour for 160 gold pieces
 15144 | D:14     | Noticed a tengu warrior
 15454 | D:14     | Noticed a two-headed ogre
 15456 | D:14     | Killed a two-headed ogre
 15511 | D:14     | Noticed a centaur warrior
 15517 | D:14     | Killed a centaur warrior
 15989 | D:14     | Killed a tengu warrior
 16053 | D:14     | Gained mutation: You are in touch with the powers of death. [Mummy growth]
 16053 | D:14     | Reached XP level 13. HP: 96/96 MP: 6/29
 16394 | D:15     | Entered Level 15 of the Dungeon
 16578 | D:15     | Identified Sif Muna's Catalogue of Freezing Dislocation (Sif Muna gifted it to you on level 15 of the Dungeon)
 16578 | D:15     | Received a gift from Sif Muna
 16773 | D:15     | Noticed a fire dragon
 17121 | D:15     | Found a shadowy altar of Dithmenos.
 17272 | D:15     | Noticed a dire elephant
 17853 | D:15     | Killed a fire dragon
 17929 | D:15     | Killed a dire elephant
 18017 | D:15     | Found a staircase to the Depths.
 18294 | D:15     | Noticed Kirke
 18467 | D:15     | Killed Kirke
 18706 | Orc:1    | Entered Level 1 of the Orcish Mines
 19708 | Orc:1    | Identified Sif Muna's Collected Works on Companions and Shape Shifting (Sif Muna gifted it to you on level 1 of the Orcish Mines)
 19708 | Orc:1    | Received a gift from Sif Muna
 19716 | Orc:1    | Found a roughly hewn altar of Beogh.
 19892 | Orc:2    | Entered Level 2 of the Orcish Mines
 20332 | Orc:2    | Found a runed door.
 20332 | Orc:2    | Found a shimmering altar of Xom.
 20332 | Orc:2    | Noticed Amnesiac's ghost (journeyman DEWz)
 20345 | Orc:2    | Reached XP level 14. HP: 103/103 MP: 26/31
 20660 | Orc:2    | Found a staircase to the Elven Halls.
 21132 | Orc:2    | Reached skill level 1 in Shields
 21345 | Orc:2    | Found Zekaehad's Weapon Shop.
 21656 | Orc:2    | Found Duiwna's Book Shoppe.
 21661 | Orc:2    | Found Osucrog's Distillery.
 21663 | Orc:2    | Found Hockuoc's Gadget Shop.
 21812 | Elf:1    | Entered Level 1 of the Elven Halls
 22913 | Elf:1    | Learned a level 5 spell: Irradiate
 22956 | Elf:1    | Slain by a demonic crawler

Vault maps used:
D:1:      dpeg_arrival_boxorama, grunt_decor_one_mirror, roderic_roman_lattice
D:2:      nicolae_qazlal_style_of_elements
D:3:      uniq_terence
D:4:      lemuel_round_altar, cheibrodos_sewer_entry_drain
D:5:      chequers_temple_overflow_statue_of_worship, first_ration
D:6:      serial_shops, shop
D:7:      okawaru_gym_becter, lemuel_temple_firewalk_b, kennysheep_dice
D:8:      kennysheep_mini, dpeg_oklobed_lair, basic_altar, uniq_joseph
D:9:      cheibriados_altar_1
D:10:     grunt_ogre_cave
D:11:     serial_shops, shop, shop, shop, nicolae_ru_sacrificial_ziggurat
D:12:     orc_david_3, eino_tiny_chamber, hangedman_misty_isle
D:13:     grunt_vaults_entry_tiered, doesnt_xom_only_xom
D:14:     hangedman_abyss_or_decor_stabs, grunt_ministairs_1, eino_tiny_chamber,
          nrook_guardian_serpent_ordinary
D:15:     hangedman_depths_entry_try_elsewhere_first, grunt_dithmenos_smoke,
          uniq_kirke
Temple:   eino_temple_rhombus
Orc:1:    gammafunk_beogh_shrine, serial_shops, shop, minmay_orc_temple_c
Orc:2:    st_orc_elflike, ebering_ghost_xom
Elf:1:    minmay_elf_arrival_summoners, serial_shops, nicolae_shop_behind_doors,
          orc_legates, serial_sigils_hangedman_leer, grunt_ministairs_11
Sewer:    sewer_kobolds

Skill      XL: |  1  2  3  4  5  6  7  8  9 10 11 12 13 14 |
---------------+-------------------------------------------+-----
Conjurations   | 1 2 3 4 6 7 10 11 12 13 14 | 14.6
Fighting       | 1 2 3 4 5 7 |  7.0
Spellcasting   | 6 7 10 11 12 13 14 | 14.6
Invocations    | 3 4 6 8 |  8.0
Dodging        | 5 7 |  7.0
Shields        | 3 |  3.0
Stealth        | |  1.5
Summonings     | |  0.7
Translocations | |  0.7

Action                   |  1- 3 |  4- 6 |  7- 9 | 10-12 | 13-15 || total
-------------------------+-------+-------+-------+-------+-------++-------
Melee: Unarmed           |     2 |       |       |       |       ||     2
       Mace              |     9 |       |       |       |       ||     9
       Dagger            |     4 |       |       |       |       ||     4
       Flail             |       |     5 |       |       |       ||     5
       Hunting sling     |       |     1 |       |       |       ||     1
       Rapier            |       |       |     5 |   178 |    16 ||   199
 Fire: Hunting sling     |    15 |   259 |   428 |       |       ||   702
       Blowgun           |       |    27 |       |       |       ||    27
 Cast: Magic Dart        |    22 |       |       |       |       ||    22
       Call Imp          |     9 |     6 |       |       |     1 ||    16
       Mephitic Cloud    |     1 |     2 |    11 |     8 |       ||    22
       Blink             |       |     4 |     2 |     4 |     6 ||    16
       Conjure Flame     |       |       |    17 |    17 |     1 ||    35
       Throw Icicle      |       |       |       |   223 |   270 ||   493
       Ozocubu's Armour  |       |       |       |       |     1 ||     1
       Irradiate         |       |       |       |       |     1 ||     1
Invok: Divine Energy     |       |     1 |       |       |       ||     1
Evoke: Wand              |       |     1 |       |       |       ||     1
  Use: Scroll            |     4 |     2 |     4 |     8 |     1 ||    19
 Stab: Sleeping          |     1 |       |       |       |       ||     1
       Confused          |       |       |     2 |     4 |       ||     6
Armor: Robe              |     5 |    23 |    33 |    20 |    25 ||   106
       Troll leather arm |       |       |       |    33 |    18 ||    51
Dodge: Dodged            |    18 |    95 |   115 |   155 |    77 ||   460

Table legend:
 A = Spawn XP
 B = Non-spawn XP
 C = Spawn XP percentage of total XP
 D = Spawn monster count
 E = Non-spawn monster count
 F = Spawn count percentage of total count
 G = Total turns spent on level
                    A         B        C        D         E        F      G
               +---------+---------+-------+---------+---------+-------+---------
         Total |       0 |   83873 |   0.0 |       0 |     474 |   0.0 | 22956
               +---------+---------+-------+---------+---------+-------+---------
           D:1 |       0 |      43 |   0.0 |       0 |      24 |   0.0 |   968
           D:2 |       0 |      89 |   0.0 |       0 |      18 |   0.0 |   694
           D:3 |       0 |     249 |   0.0 |       0 |      34 |   0.0 |   983
           D:4 |       0 |     280 |   0.0 |       0 |      14 |   0.0 |  1342
           D:5 |       0 |     484 |   0.0 |       0 |       9 |   0.0 |   902
           D:6 |       0 |    1946 |   0.0 |       0 |      31 |   0.0 |  1544
           D:7 |       0 |     784 |   0.0 |       0 |      13 |   0.0 |   710
           D:8 |       0 |    1131 |   0.0 |       0 |      13 |   0.0 |  1261
           D:9 |       0 |    1562 |   0.0 |       0 |      18 |   0.0 |   824
          D:10 |       0 |    3326 |   0.0 |       0 |      37 |   0.0 |  1422
          D:11 |       0 |    3438 |   0.0 |       0 |      18 |   0.0 |   865
          D:12 |       0 |    4593 |   0.0 |       0 |      28 |   0.0 |  1615
          D:13 |       0 |   11695 |   0.0 |       0 |      44 |   0.0 |  1943
          D:14 |       0 |   10538 |   0.0 |       0 |      24 |   0.0 |  1837
          D:15 |       0 |   16338 |   0.0 |       0 |      31 |   0.0 |  1619
         Orc:1 |       0 |    6243 |   0.0 |       0 |      49 |   0.0 |  1424
         Orc:2 |       0 |   14544 |   0.0 |       0 |      47 |   0.0 |  2571
         Elf:1 |       0 |    6478 |   0.0 |       0 |      10 |   0.0 |   255
         Sewer |       0 |     112 |   0.0 |       0 |      12 |   0.0 |   175
               +---------+---------+-------+---------+---------+-------+---------
